Map: Romanticide LE

Players

DisK

  • Race: Protoss Protoss

Rob - Winner!

  • Race: Protoss Protoss

Event: DreamHack SC2 Masters 2021 Fall

VOD

Have the link to the VOD?

Description

Time

  • Played on: Aug. 8, 2021, 4:17 p.m.
  • Length: 16:00

All games in this series

Show
View Real Time Build Order
Export as new Build Order

DisK Protoss 

Build Orders: Phoenix Opening, Blink Stalkers 

Get SALT Encoding   

  12  0:00  Probe  
  13  0:12  Probe  
  14  0:17  Pylon  
  14  0:24  Probe  
  15  0:35  Gateway  
  15  0:36  Probe (Chrono Boost)  
  16  0:45  Probe (Chrono Boost)  
  16  0:46  Assimilator  
  17  0:50  Probe (Chrono Boost)  
  17  0:55  Assimilator  
  18  1:03  Probe (Chrono Boost)  
  19  1:10  Gateway  
  19  1:13  Probe (Chrono Boost)  
  19  1:18  Probe (Chrono Boost)  
  20  1:24  Cybernetics Core  
  21  1:30  Probe  
  22  1:35  Pylon  
  22  1:42  Probe  
  24  1:54  Probe  
  24  1:57  Warp Gate (Chrono Boost)  
  24  2:00  Stalker x2  
  28  2:06  Probe  
  29  2:11  Pylon  
  29  2:18  Probe  
  30  2:28  Pylon  
  30  2:42  Nexus  
  30  2:48  Shield Battery  
  30  2:51  Probe  
  31  2:54  Sentry  
  31  2:57  Sentry  
  35  3:03  Probe  
  36  3:08  Pylon  
  36  3:16  Probe  
  37  3:20  Twilight Council  
  39  3:28  Probe  
  39  3:32  Phoenix  
  38  3:38  Stalker  
  38  3:39  Stalker  
  42  3:41  Probe (Chrono Boost)  
  42  3:47  Forge  
  43  3:54  Blink (Chrono Boost), Probe (Chrono Boost)  
  44  3:55  Probe (Chrono Boost)  
  44  4:05  Probe x2 (Chrono Boost)  
  44  4:06  Phoenix  
  46  4:13  Probe  
  46  4:15  Probe  
  48  4:19  Protoss Ground Weapons Level 1  
  48  4:25  Probe  
  48  4:26  Robotics Facility  
  48  4:27  Probe  
  50  4:37  Probe  
  51  4:39  Probe  
  51  4:45  Nexus  
  52  4:48  Nexus  
  52  4:51  Pylon  
  52  4:54  Probe  
  52  4:55  Probe  
  52  4:59  Stalker  
  56  5:04  Assimilator  
  56  5:11  Stalker  
  56  5:14  Pylon  
  58  5:15  Observer  
  58  5:19  Probe x2  
  61  5:23  Gateway  
  61  5:24  Gateway  
  61  5:30  Stalker  
  61  5:35  Stalker  
  65  5:37  Pylon  
  65  5:39  Shield Battery  
  65  5:41  Observer  
  65  5:53  Shield Battery  
  65  5:56  Stalker  
  67  5:57  Immortal (Chrono Boost)  
  67  5:58  Stalker  
  73  6:05  Probe x2  
  75  6:15  Probe  
  76  6:18  Gateway  
  76  6:19  Observer  
  76  6:20  Gateway  
  76  6:21  Probe  
  76  6:22  Probe  
  76  6:24  Charge  
  78  6:27  Probe  
  78  6:30  Observer  
  78  6:32  Stalker  
  82  6:33  Stalker  
  82  6:35  Stalker  
  82  6:38  Probe (Chrono Boost)  
  82  6:39  Probe (Chrono Boost)  
  88  6:40  Protoss Ground Weapons Level 2 (Chrono Boost)  
  88  6:43  Stalker  
  88  6:45  Probe (Chrono Boost)  
  91  6:50  Assimilator  
  91  6:51  Probe (Chrono Boost)  
  93  6:55  Probe (Chrono Boost)  
  93  6:56  Observer, Probe (Chrono Boost)  
  93  6:57  Probe (Chrono Boost)  
  93  7:00  Pylon  
  93  7:01  Observer  
  95  7:02  Pylon  
  95  7:07  Pylon  
  95  7:08  Probe x2  
  97  7:09  Probe  
  97  7:14  Gateway  
  98  7:15  Gateway  
  98  7:20  Probe  
  99  7:25  Adept x2  
  99  7:27  Stalker x2  
  106  7:35  Immortal  
  102  7:55  Phoenix  
  102  7:56  Gateway  
  102  7:57  Gateway  
  102  7:58  Nexus  
  102  8:01  Stalker x4  
  106  8:05  Photon Cannon  
  106  8:09  Pylon  
  106  8:11  Pylon  
  106  8:18  Photon Cannon  
  106  8:20  Immortal  
  106  8:26  Pylon  
  110  8:27  Pylon  
  110  8:30  Stalker  
  112  8:38  Assimilator  
  112  8:39  Adept x2  
  112  8:40  Protoss Ground Weapons Level 3 (Chrono Boost)  
  116  8:41  Stalker x2  
  116  8:42  Stalker  
  116  8:47  Pylon  
  122  8:56  Shield Battery, Probe x2  
  122  8:59  Probe  
  125  9:03  Robotics Bay  
  125  9:12  Stalker x4  
  133  9:18  Robotics Facility  
  133  9:21  Probe x3  
  133  9:22  Probe  
  137  9:27  Stalker x3  
  141  9:37  Stalker x2  
  138  9:50  Stalker x3  
  138  9:51  Stalker x2  
  142  10:01  Zealot x3  
  142  10:02  Zealot x2  
  148  10:12  Disruptor (Chrono Boost)  
  148  10:13  Disruptor (Chrono Boost)  
  134  10:17  Zealot  
  134  10:18  Zealot  
  134  10:19  Zealot  
  144  10:22  Stalker x2  
  144  10:23  Stalker  
  145  10:47  Disruptor x2  
  147  10:50  Assimilator, Zealot x2  
  147  10:54  Pylon  
  147  10:55  Pylon  
  147  10:56  Pylon x2  
  139  11:08  Stalker x2  
  139  11:09  Stalker x2, Zealot x4  
  131  11:22  Observer  
  131  11:24  Stalker  
  131  11:25  Stalker  
  131  11:36  Stalker x2  
  131  11:37  Stalker x2  
  131  11:39  Nexus  
  139  11:41  Pylon  
  139  11:51  Zealot x4  
  145  12:05  Zealot x2  
  145  12:06  Zealot  
  151  12:10  Disruptor x2 (Chrono Boost)  
  157  12:18  Stalker x3  
  154  12:33  Stalker x2, Zealot x2  
  154  12:34  Zealot  
  152  12:54  Disruptor x2 (Chrono Boost)  
  152  12:57  Stalker x7  
  145  13:32  Stalker x8  
  137  13:43  Zealot x2  
  137  13:48  Observer  
  139  14:00  Observer  
  137  14:12  Nexus  
  137  14:23  Observer  
  134  14:37  Zealot  
  110  14:54  Stalker x4  
  110  14:56  Stalker x2  
  116  15:41  Zealot x3  
Show
View Real Time Build Order
Export as new Build Order

Rob Protoss - Winner!

Build Orders:  

Get SALT Encoding   

  12  0:00  Probe  
  13  0:12  Probe  
  14  0:20  Pylon  
  14  0:24  Probe  
  15  0:38  Probe (Chrono Boost)  
  15  0:39  Gateway  
  16  0:47  Probe (Chrono Boost)  
  17  0:51  Assimilator  
  17  0:52  Probe  
  17  0:56  Assimilator  
  18  1:05  Probe (Chrono Boost)  
  18  1:08  Gateway  
  19  1:16  Probe (Chrono Boost)  
  20  1:21  Probe (Chrono Boost)  
  21  1:29  Cybernetics Core  
  21  1:31  Probe  
  22  1:38  Pylon  
  22  1:43  Probe  
  23  1:56  Probe  
  24  2:05  Stalker x2, Warp Gate  
  28  2:12  Pylon  
  27  2:41  Probe  
  28  2:46  Nexus  
  28  2:49  Sentry x2  
  32  2:53  Probe (Chrono Boost)  
  33  3:02  Shield Battery  
  33  3:04  Probe (Chrono Boost)  
  34  3:09  Probe (Chrono Boost)  
  35  3:15  Sentry  
  39  3:21  Pylon  
  39  3:26  Probe (Chrono Boost)  
  38  3:34  Twilight Council  
  38  3:36  Forge  
  38  3:38  Probe (Chrono Boost)  
  39  3:47  Probe (Chrono Boost)  
  41  3:56  Stalker, Probe (Chrono Boost)  
  41  3:58  Probe (Chrono Boost)  
  44  4:08  Probe (Chrono Boost)  
  44  4:09  Protoss Ground Weapons Level 1 (Chrono Boost), Probe (Chrono Boost)  
  46  4:10  Blink (Chrono Boost)  
  46  4:16  Probe  
  46  4:17  Probe  
  48  4:28  Probe  
  48  4:29  Probe  
  50  4:31  Stalker x2  
  50  4:35  Pylon  
  54  4:41  Probe x2  
  56  4:49  Assimilator  
  56  4:51  Pylon  
  56  4:53  Probe x2  
  56  4:55  Stalker  
  56  4:57  Stalker  
  62  5:12  Nexus  
  62  5:14  Probe x2  
  62  5:18  Stalker  
  66  5:22  Stalker  
  68  5:28  Pylon  
  68  5:30  Probe x2  
  70  5:38  Gateway  
  70  5:39  Gateway  
  70  5:48  Gateway  
  70  5:55  Probe x2  
  72  5:59  Stalker x2  
  72  6:01  Protoss Ground Weapons Level 2 (Chrono Boost)  
  76  6:05  Robotics Facility  
  76  6:07  Probe x2  
  78  6:17  Pylon  
  78  6:19  Probe x2  
  78  6:24  Probe  
  78  6:25  Stalker x2  
  85  6:31  Probe x2  
  87  6:33  Assimilator  
  87  6:36  Probe  
  88  6:43  Stalker x2, Probe  
  88  6:44  Probe  
  94  6:48  Probe  
  94  6:49  Pylon  
  94  6:54  Shield Battery, Observer  
  96  6:55  Probe  
  96  6:56  Stalker  
  96  6:58  Probe, Robotics Bay  
  96  7:00  Probe  
  101  7:03  Assimilator  
  101  7:06  Assimilator  
  101  7:08  Probe  
  102  7:10  Probe  
  103  7:15  Stalker x3  
  103  7:20  Robotics Facility  
  103  7:22  Probe  
  110  7:24  Probe  
  110  7:26  Probe  
  112  7:32  Pylon  
  112  7:34  Stalker x2, Probe  
  112  7:37  Pylon  
  107  7:47  Stalker x3  
  113  8:02  Disruptor (Chrono Boost), Stalker x2  
  113  8:03  Protoss Ground Weapons Level 3 (Chrono Boost)  
  120  8:06  Disruptor (Chrono Boost)  
  123  8:13  Nexus  
  123  8:20  Pylon, Stalker x3  
  123  8:24  Pylon  
  123  8:26  Photon Cannon  
  129  8:30  Probe x2  
  129  8:31  Probe  
  132  8:38  Disruptor (Chrono Boost)  
  138  8:41  Disruptor (Chrono Boost)  
  138  8:42  Pylon, Shield Battery  
  138  8:43  Pylon  
  138  8:49  Stalker x2  
  138  8:51  Probe x2  
  138  8:52  Probe  
  145  9:00  Pylon  
  145  9:02  Photon Cannon  
  145  9:06  Disruptor, Probe x2  
  145  9:07  Probe  
  151  9:20  Gateway  
  151  9:21  Gateway  
  151  9:24  Gateway  
  148  9:37  Stalker  
  148  9:38  Stalker x4  
  146  9:55  Charge (Chrono Boost)  
  146  9:59  Dark Shrine  
  142  10:03  Nexus  
  142  10:05  Disruptor (Chrono Boost)  
  146  10:12  Disruptor (Chrono Boost)  
  144  10:18  Stalker x4  
  152  10:24  Pylon  
  152  10:33  Pylon  
  152  10:35  Pylon  
  148  10:37  Pylon  
  148  10:40  Disruptor (Chrono Boost)  
  148  10:42  Zealot x3  
  157  10:47  Disruptor (Chrono Boost), Probe x2  
  157  10:48  Probe  
  159  10:50  Shield Battery  
  149  11:07  Disruptor (Chrono Boost)  
  148  11:16  Disruptor (Chrono Boost)  
  137  11:24  Protoss Shields Level 1 (Chrono Boost)  
  133  11:29  Stalker x3  
  133  11:30  Zealot x5  
  149  11:35  Photon Cannon  
  149  11:36  Photon Cannon  
  149  11:39  Photon Cannon  
  149  11:42  Photon Cannon  
  149  11:45  Probe  
  149  11:46  Disruptor (Chrono Boost)  
  150  11:49  Disruptor (Chrono Boost)  
  150  12:08  Zealot x7  
  164  12:19  Disruptor x2  
  170  12:45  Zealot x7  
  170  12:46  Zealot  
  186  13:03  Gateway  
  186  13:05  Gateway  
  186  13:06  Stalker x7  
  186  13:08  Gateway  
  186  13:10  Gateway  
  200  13:17  Nexus  
  181  13:30  Disruptor (Chrono Boost)  
  181  13:32  Stalker x3  
  181  13:33  Stalker x5  
  169  13:55  Observer  
  163  13:59  Disruptor x2  
  153  14:09  Dark Templar x4  
  161  14:10  Shadow Stride (Chrono Boost)  
  161  14:15  Nexus  
  157  14:36  Disruptor x2 (Chrono Boost)  
  157  14:41  Dark Templar x2, Zealot  
  157  14:42  Zealot x3  
  175  14:48  Observer  
  173  15:04  Disruptor  
  173  15:05  Observer  
  168  15:11  Stalker x7  
  176  15:16  Archon  
  174  15:23  Pylon  
  170  15:49  Stalker x7  

Tags
 
Add a new tag
Caveats
  • Supply blocks, unpowered buildings, or Contaminate may cause inaccurate times.
  • Supply counts are checked every 10 seconds.